 Dungeon Sprint DCSS version 0.17-a0-1450-g7e755d1 (webtiles) character file.

4973 shklvsk the Carver (level 10, -2/73 HPs)
             Began as a Demonspawn Abyssal Knight on June 30, 2015.
             Was the Champion of Lugonu.
             Slain by a small abomination (8 damage)
             ... summoned by Lugonu's corruption
             ... in the Dungeon (Sprint IX: "|||||||||||||||||||||||||||||").
             The game lasted 00:09:18 (1631 turns).

shklvsk the Carver (Demonspawn Abyssal Knight)      Turns: 1631, Time: 00:09:18

Health: -2/73      AC: 26    Str: 13    XL:     10   Next: 28%
Magic:  14/18      EV:  7    Int: 18    God:    Lugonu [******]
Gold:   0          SH:  3    Dex: 14    Spells: 0 memorised, 9 levels left

rFire  . . .     SeeInvis .     o - +2 scimitar (elec)
rCold  . . .     Clarity  .     r - +0 plate armour
rNeg   . . .     SustAt   .     (no shield)
rPois  .         Gourm    .     p - +0 helmet
rElec  .         Spirit   .     y - +2 cloak
rCorr  .         Warding  .     q - +0 pair of gloves
rMut   .         NoTele   +     (no boots)
MR     .....                    (no amulet)
Stlth  ..........               s - +3 ring of intelligence
                                b - +2 ring of protection

@: not resistant to hostile enchantments, extremely unstealthy
A: large bone plates 2, nightstalker 1, powered by death 2
a: Bend Space, Banish, Corrupt, Renounce Religion


You were in the Dungeon.
You worshipped Lugonu.
Lugonu was exalted by your worship.
You were not hungry.

You visited 1 branch

Inventory:

Hand weapons
 a - a +1 falchion
 o - a +2 scimitar of electrocution (weapon)
Armour
 p - a +0 helmet (worn)
 q - a +0 pair of gloves (worn)
 r - a +0 plate armour (worn)
 y - a +2 cloak (worn)
Jewellery
 b - a +2 ring of protection (left hand)
 s - a +3 ring of intelligence (right hand)
Magical devices
 n - a wand of draining (7)
 w - a wand of magic darts (16)
Scrolls
 i - 4 scrolls of blinking
 l - 3 scrolls of remove curse
 m - 2 scrolls of amnesia
 z - a scroll of recharging
 A - 4 scrolls of enchant weapon
Potions
 e - a potion of invisibility
 f - 2 potions of haste
 g - 4 potions of magic
 h - a potion of berserk rage
 t - a potion of resistance
 u - 2 potions of cure mutation
 v - a potion of brilliance
Miscellaneous
 x - a disc of storms


   Skills:
 + Level 4.8 Fighting
 - Level 14.3 Long Blades
 + Level 11.6 Armour
 + Level 8.7 Dodging
 - Level 11.3 Invocations
 * Level 4.3 Evocations


You had 9 spell levels left.
You didn't know any spells.

Dungeon Overview and Level Annotations

Branches:
Dungeon (1/1)

Altars:
Cheibriados
Dithmenos
Fedhas
Gozag
Qazlal
Ru
Vehumet
Yredelemnul
Beogh
Jiyva
Lugonu

Annotations:
D corrupted


Innate Abilities, Weirdness & Mutations

You are mostly covered in large bone plates (AC +3, SH +3).
You are slightly more attuned to the shadows.
You regenerate health from kills.


Message History

The death yak dies!
The dire elephant simulacrum tramples the death yak!!
The dire elephant simulacrum freezes the death yak!!!
The death yak dies!
The small abomination barely misses you.
The catoblepas breathes a plume of calcifying dust at you.
The blast of calcifying dust hits the dire elephant simulacrum.
The blast of calcifying dust hits you!
Use which ability? (? or * to list) Space bends sharply around you!
The small abomination blinks!
You blink.
* * * LOW HITPOINT WARNING * * *
You feel slightly more hungry.
The small abomination barely misses you.
The small abomination closely misses you.
The small abomination hits you but does no damage.
The small abomination hits you!
* * * LOW HITPOINT WARNING * * *
Drink which item? (? for menu, Esc to quit)
You feel better. The small abomination hits you!
You die...

▓_▓.▓Y▓
▓_▓.▓.▓
▓_▓.▓Y▓
▓_▓.▓Y▓
▓_▓.▓.▓
▓_▓.▓Y▓
▓_▓.▓.▓§
▓_▓.▓.▓§
▓_▓.▓@▓
▓'▓.▓x▓
▓'▓.▓W▓
▓'▓.▓X▓
▓.▓.▓.▓
▓.▓.▓.▓
▓.▓.▓.▓
▓'▓.▓.▓
▓)▓.▓.▓


You could see a death yak, 2 catoblepae, a small abomination, a neutral eidolon
and a neutral large abomination.

Vanquished Creatures
  A catoblepas (D)
  An elephant (D)
  2 spiny frogs (D)
  A komodo dragon (D)
  3 hippogriffs (D)
  A deep elf mage (D)
  2 yaks (D)
  3 water moccasins (D)
  2 porcupines (D)
  An ice beast (D)
  3 crocodiles (D)
  2 giant frogs (D)
  3 worker ants (D)
  A hell rat (D)
  2 adders (D)
  An adder skeleton (D)
  4 bats (D)
  2 giant cockroaches (D)
  A hobgoblin (D)
  A rat (D)
37 creatures vanquished.

Vanquished Creatures (others)
  A catoblepas (D)
  2 death yaks (D)
  A cyclops (D)
  2 black mambas (D)
  Grum (D)
  3 wolves (D)
  An iguana (D)
11 creatures vanquished.

Grand Total: 48 creatures vanquished

Notes
Turn   | Place    | Note
--------------------------------------------------------------
     0 | D        | shklvsk the Demonspawn Abyssal Knight began the quest for the Orb.
     0 | D        | Reached XP level 1. HP: 18/18 MP: 2/2
    13 | D        | Reached skill level 1 in Dodging
    15 | D        | Acquired Lugonu's second power
    44 | D        | Noticed a worker ant
    49 | D        | Acquired Lugonu's third power
    49 | D        | Gained mutation: You regenerate a little health from kills. [demonic ancestry]
    49 | D        | Reached XP level 2. HP: 18/24 MP: 4/4
    70 | D        | Killed a worker ant
    70 | D        | Acquired Lugonu's fourth power
    70 | D        | Reached skill level 4 in Long Blades
    70 | D        | Gained mutation: You are partially covered in large bone plates (AC +2, SH +2). [demonic ancestry]
    70 | D        | Reached XP level 3. HP: 26/29 MP: 4/6
   162 | D        | Found a glowing silver altar of Zin.
   162 | D        | Found a glowing golden altar of the Shining One.
   162 | D        | Found an ancient bone altar of Kikubaaqudgha.
   162 | D        | Found a basalt altar of Yredelemnul.
   162 | D        | Found a shimmering altar of Xom.
   162 | D        | Found a radiant altar of Vehumet.
   163 | D        | Found an iron altar of Okawaru.
   164 | D        | Found a burning altar of Makhleb.
   165 | D        | Found a deep blue altar of Sif Muna.
   166 | D        | Found a bloodstained altar of Trog.
   167 | D        | Found a sparkling altar of Nemelex Xobeh.
   168 | D        | Found a white marble altar of Elyvilon.
   169 | D        | Found a roughly hewn altar of Beogh.
   170 | D        | Found a viscous altar of Jiyva.
   171 | D        | Found a corrupted altar of Lugonu.
   172 | D        | Found a blossoming altar of Fedhas.
   173 | D        | Found a snail-covered altar of Cheibriados.
   174 | D        | Found a shadowy altar of Dithmenos.
   175 | D        | Found a stormy altar of Qazlal.
   176 | D        | Found an opulent altar of Gozag.
   177 | D        | Found a sacrificial altar of Ru.
   252 | D        | Noticed a deep elf mage
   252 | D        | Noticed an iguana
   252 | D        | Noticed a hippogriff
   252 | D        | Noticed a worker ant
   256 | D        | Killed a worker ant
   256 | D        | Reached skill level 5 in Long Blades
   256 | D        | Gained mutation: You are mostly covered in large bone plates (AC +3, SH +3). [demonic ancestry]
   256 | D        | Reached XP level 4. HP: 35/35 MP: 7/7
   270 | D        | Killed a hippogriff
   270 | D        | Reached skill level 7 in Long Blades
   270 | D        | Reached skill level 5 in Armour
   270 | D        | Reached skill level 5 in Dodging
   270 | D        | Reached skill level 5 in Invocations
   270 | D        | Gained mutation: You are slightly more attuned to the shadows. [demonic ancestry]
   270 | D        | Reached XP level 5. HP: 22/41 MP: 7/9
   280 | D        | Acquired Lugonu's fifth power
   293 | D        | Killed a deep elf mage
   293 | D        | Reached skill level 9 in Long Blades
   293 | D        | Reached XP level 6. HP: 18/47 MP: 8/10
   295 | D        | Banished an iguana
   296 | D        | HP: 2/47 [burnt (4)]
   658 | D        | Noticed a worker ant
   658 | D        | Noticed a cyclops
   658 | D        | Noticed a yak
   658 | D        | Noticed a hippogriff
   658 | D        | Noticed a giant frog
   664 | D        | Noticed an ice beast
   670 | D        | Killed a giant frog
   681 | D        | Killed a hippogriff
   681 | D        | Reached skill level 10 in Long Blades
   681 | D        | Reached XP level 7. HP: 33/52 MP: 10/12
   756 | D        | Killed a yak
   757 | D        | Banished a cyclops
   799 | D        | Killed a worker ant
   808 | D        | Killed an ice beast
   808 | D        | Reached skill level 11 in Long Blades
   808 | D        | Reached XP level 8. HP: 50/58 MP: 13/13
   932 | D        | Noticed a crocodile
   932 | D        | Noticed a water moccasin
   932 | D        | Noticed a black mamba
   932 | D        | Noticed a komodo dragon
   932 | D        | Noticed a hippogriff
   940 | D        | Killed a hippogriff
   949 | D        | Killed a komodo dragon
   951 | D        | Banished a black mamba
   951 | D        | Reached skill level 12 in Long Blades
   959 | D        | Killed a water moccasin
   963 | D        | Killed a crocodile
   965 | D        | Noticed a crocodile
   971 | D        | Killed a crocodile
   972 | D        | Noticed a hell rat
   973 | D        | Noticed a spiny frog
   973 | D        | Noticed a porcupine
   985 | D        | Killed a hell rat
   990 | D        | Killed a spiny frog
   990 | D        | Gained mutation: You regenerate health from kills. [demonic ancestry]
   990 | D        | Reached XP level 9. HP: 47/63 MP: 10/16
   998 | D        | Killed a porcupine
   998 | D        | Reached skill level 13 in Long Blades
   998 | D        | Reached skill level 10 in Invocations
  1023 | D        | Noticed a spiny frog
  1023 | D        | Noticed a giant frog
  1023 | D        | Noticed a black mamba
  1023 | D        | Noticed a water moccasin
  1023 | D        | Noticed a water moccasin
  1030 | D        | Noticed a porcupine
  1030 | D        | Banished a black mamba
  1040 | D        | Noticed an elephant
  1044 | D        | Killed a water moccasin
  1052 | D        | Killed a water moccasin
  1055 | D        | Noticed a crocodile
  1056 | D        | Killed a spiny frog
  1056 | D        | Reached skill level 10 in Armour
  1057 | D        | Killed a giant frog
  1063 | D        | Killed a porcupine
  1076 | D        | Killed an elephant
  1076 | D        | Reached skill level 14 in Long Blades
  1080 | D        | Killed a crocodile
  1097 | D        | Noticed a yak
  1104 | D        | Killed a yak
  1109 | D        | Noticed a catoblepas
  1109 | D        | Noticed a death yak
  1109 | D        | Noticed a death yak
  1109 | D        | Noticed a catoblepas
  1109 | D        | Noticed a catoblepas
  1112 | D        | Noticed a catoblepas
  1114 | D        | Noticed a death yak
  1364 | D        | Killed a catoblepas
  1364 | D        | Reached XP level 10. HP: 8/71 MP: 18/18
  1585 | D        | Corrupted D
  1587 | D        | Killed a wolf
  1591 | D        | Noticed an eidolon
  1591 | D        | Killed Grum
  1594 | D        | Killed a wolf
  1594 | D        | Killed a wolf
  1596 | D        | Noticed a large abomination
  1603 | D        | Killed a catoblepas
  1604 | D        | Noticed a yak
  1624 | D        | Killed a death yak
  1625 | D        | Killed a death yak
  1630 | D        | HP: 1/73 [small abomination[Lugonu's corruption] (11)]
  1631 | D        | Slain by a small abomination

Vault maps used:
D:        linesprint

Action                   |  1- 3 |  4- 6 |  7- 9 | 10-12 || total
-------------------------+-------+-------+-------+-------++-------
Melee: Falchion          |    49 |       |       |       ||    49
       Scimitar          |     3 |    56 |   142 |    11 ||   212
Invok: Bend Space        |       |     1 |     7 |     9 ||    17
       Banish            |       |     1 |     4 |       ||     5
       Corrupt           |       |       |       |     1 ||     1
  Use: Potion            |     1 |     2 |       |     5 ||     8
  Eat: Chunk             |       |       |     3 |       ||     3
       Bread ration      |       |       |       |     1 ||     1
